EVO
RICE UNIVERSITY OWLS @ UNIVERSITY OF TORONTO MARLIES
11/09/2045
 
TOP OF THE 1ST
University of North Carolina at Chapel Hill Tar Heels batting - Pitching for University of Arizona Wildcats : RHP Rich Frontczak
Pitching: RHP Rich Frontczak
Batting: RHB Frank Caulfield 0-0: Ball
1-0: Ball
2-0: Foul Ball, location: 2F
2-1: Swinging Strike
2-2: Ball
3-2: Ground out 4-3 (Groundball, 4, EV 85.0 MPH)
Batting: LHB Ryan Thompson 0-0: Foul Ball, location: 2F
0-1: Ball
1-1: Ball
2-1: Ball
3-1: Foul Ball, location: 2F
3-2: Strikes out swinging
Batting: RHB Blake Beale 0-0: Foul Ball, location: 2F
0-1: Ball
1-1: Foul Ball, location: 2F
1-2: Foul Ball, location: 2F
1-2: Ball
2-2: Reached on error, E9 (Flyball, 89S, EV 83.1 MPH)
Batting: SHB Chris Kinsey 0-0: Called Strike
0-1: Swinging Strike
0-2: Fly out, F4 (Popup, 4, EV 60.6 MPH)
Top of the 1st over - 0 runs, 0 hits, 1 error, 1 left on base; University of North Carolina at Chapel Hill 0 - University of Arizona 0
BOTTOM OF THE 1ST
University of Arizona Wildcats batting - Pitching for University of North Carolina at Chapel Hill Tar Heels : LHP Mike Alexander
Pitching: LHP Mike Alexander
Batting: RHB Chiel Palstermans 0-0: Ball
1-0: SINGLE (Line Drive, 9S, EV 108.1 MPH)
Batting: RHB Adam Lambert 0-0: Ball
1-0: Ball
2-0: Called Strike
2-1: Fly out, F7 (Flyball, 7LD, EV 105.0 MPH)
Runner from 1st tags up, SAFE at 2nd
Batting: RHB Sean Neuroth 0-0: Called Strike
0-1: Ball
1-1: Ground out 6-3 (Groundball, 56, EV 103.8 MPH)
Batting: LHB Alan Bianchard 0-0: Ball
1-0: Called Strike
1-1: Ball
2-1: Foul Ball, location: 2F
2-2: Ball
3-2: DOUBLE (Flyball, 89XD, EV 113.1 MPH)
Chiel Palstermans scores
Batting: RHB Rich Justice 0-0: Foul Ball, location: 2F
0-1: Ball
1-1: Fly out, F7 (Flyball, 7, EV 79.4 MPH)
Bottom of the 1st over - 1 run, 2 hits, 0 errors, 1 left on base; University of North Carolina at Chapel Hill 0 - University of Arizona 1
TOP OF THE 2ND
University of North Carolina at Chapel Hill Tar Heels batting - Pitching for University of Arizona Wildcats : RHP Rich Frontczak
Batting: RHB Matt Stepanek 0-0: Ball
1-0: Fly out, F8 (Flyball, 89S, EV 90.0 MPH)
Batting: LHB Juan Ramirez 0-0: Foul Ball, location: 2F
0-1: Swinging Strike
0-2: Ball
1-2: Strikes out looking
Batting: LHB Soo-yeon Kym 0-0: Ball
1-0: Ball
2-0: Foul Ball, location: 2F
2-1: Ball
3-1: Foul Ball, location: 2F
3-2: Foul Ball, location: 2F
3-2: Fly out, F6 (Popup, 6S, EV 71.9 MPH)
Top of the 2nd over - 0 runs, 0 hits, 0 errors, 0 left on base; University of North Carolina at Chapel Hill 0 - University of Arizona 1
BOTTOM OF THE 2ND
University of Arizona Wildcats batting - Pitching for University of North Carolina at Chapel Hill Tar Heels : LHP Mike Alexander
Batting: RHB Junro Kato 0-0: Ball
1-0: Called Strike
1-1: Called Strike
1-2: Ball
2-2: Foul Ball, location: 2F
2-2: Ball
3-2: Foul Ball, location: 2F
3-2: Strikes out swinging
Batting: RHB Jose Evangelista 0-0: Ball
1-0: Ground out 6-3 (Groundball, 56D, EV 86.9 MPH)
Batting: RHB Jose Medina 0-0: Ground out 6-3 (Groundball, 6, EV 86.9 MPH)
Bottom of the 2nd over - 0 runs, 0 hits, 0 errors, 0 left on base; University of North Carolina at Chapel Hill 0 - University of Arizona 1
TOP OF THE 3RD
University of North Carolina at Chapel Hill Tar Heels batting - Pitching for University of Arizona Wildcats : RHP Rich Frontczak
Batting: RHB Steve Gajewski 0-0: Ball
1-0: Swinging Strike
1-1: Ball
2-1: Fly out, F5 (Popup, 56S, EV 79.4 MPH)
Batting: LHB Mike Alexander 0-0: Ball
1-0: Called Strike
1-1: Foul Ball, location: 2F
1-2: Strikes out swinging
Batting: RHB Frank Caulfield 0-0: Ball
1-0: Fly out, F9 (Line Drive, 9, EV 97.5 MPH)
Top of the 3rd over - 0 runs, 0 hits, 0 errors, 0 left on base; University of North Carolina at Chapel Hill 0 - University of Arizona 1
BOTTOM OF THE 3RD
University of Arizona Wildcats batting - Pitching for University of North Carolina at Chapel Hill Tar Heels : LHP Mike Alexander
Batting: RHB Rich Frontczak 0-0: DOUBLE (Line Drive, 9LD, EV 108.1 MPH)
Batting: RHB Chiel Palstermans 0-0: Called Strike
0-1: Called Strike
0-2: Ball
1-2: Ball
2-2: Ball
3-2: 2-RUN HOME RUN (Flyball, 78XD, EV 103.8 MPH), Distance : 450 ft
Batting: RHB Adam Lambert 0-0: Ground out 4-3 (Groundball, 13, EV 81.9 MPH)
Batting: RHB Sean Neuroth 0-0: Hit by Pitch
Batting: LHB Alan Bianchard 0-0: Ball
1-0: Ball
2-0: Foul Ball, location: 2F
2-1: Ball
3-1: Fly out, F8 (Line Drive, 8RM, EV 86.3 MPH)
Batting: RHB Rich Justice 0-0: Ball
1-0: Called Strike
1-1: Ball
2-1: Ball
3-1: SINGLE (Line Drive, 8LM, EV 106.3 MPH)
Sean Neuroth to second
Batting: RHB Junro Kato 0-0: Called Strike
0-1: Swinging Strike
0-2: Strikes out swinging
Bottom of the 3rd over - 2 runs, 3 hits, 0 errors, 2 left on base; University of North Carolina at Chapel Hill 0 - University of Arizona 3
TOP OF THE 4TH
University of North Carolina at Chapel Hill Tar Heels batting - Pitching for University of Arizona Wildcats : RHP Rich Frontczak
Batting: LHB Ryan Thompson 0-0: Ball
1-0: Ball
2-0: Foul Ball, location: 2F
2-1: Ball
3-1: Ground out 5-3 (Groundball, 56S, EV 82.5 MPH)
Batting: RHB Blake Beale 0-0: Foul Ball, location: 2F
0-1: Ball
1-1: Ball
2-1: Foul Ball, location: 2F
2-2: Fly out, F8 (Flyball, 89XD, EV 90.0 MPH)
Batting: SHB Chris Kinsey 0-0: Called Strike
0-1: Called Strike
0-2: Fly out, F2 (Popup, 2LF, EV 93.1 MPH)
Top of the 4th over - 0 runs, 0 hits, 0 errors, 0 left on base; University of North Carolina at Chapel Hill 0 - University of Arizona 3
BOTTOM OF THE 4TH
University of Arizona Wildcats batting - Pitching for University of North Carolina at Chapel Hill Tar Heels : LHP Mike Alexander
Batting: RHB Jose Evangelista 0-0: Ball
1-0: Reached on error, E4 (Groundball, 34, EV 86.3 MPH)
Batting: RHB Jose Medina 0-0: Swinging Strike
0-1: Ball
1-1: Foul Ball, location: 2F
1-2: Foul Ball, location: 2F
1-2: Grounds into double play, 5-4-3 (Groundball, 5S, EV 87.5 MPH)
Batting: RHB Rich Frontczak 0-0: Called Strike
0-1: Called Strike
0-2: Strikes out swinging
Bottom of the 4th over - 0 runs, 0 hits, 1 error, 0 left on base; University of North Carolina at Chapel Hill 0 - University of Arizona 3
TOP OF THE 5TH
University of North Carolina at Chapel Hill Tar Heels batting - Pitching for University of Arizona Wildcats : RHP Rich Frontczak
Batting: RHB Matt Stepanek 0-0: Called Strike
0-1: Called Strike
0-2: Ball
1-2: Ball
2-2: Strikes out swinging
Batting: LHB Juan Ramirez 0-0: Ball
1-0: Called Strike
1-1: Swinging Strike
1-2: DOUBLE (Flyball, 7LD, EV 111.9 MPH)
Batting: LHB Soo-yeon Kym 0-0: Swinging Strike
0-1: Ball
1-1: Swinging Strike
1-2: Ball
2-2: Strikes out swinging
Batting: RHB Steve Gajewski 0-0: Called Strike
0-1: Ball
1-1: Ground out 6-3 (Groundball, 6, EV 88.1 MPH)
Top of the 5th over - 0 runs, 1 hit, 0 errors, 1 left on base; University of North Carolina at Chapel Hill 0 - University of Arizona 3
BOTTOM OF THE 5TH
University of Arizona Wildcats batting - Pitching for University of North Carolina at Chapel Hill Tar Heels : LHP Mike Alexander
Batting: RHB Chiel Palstermans 0-0: Ground out 6-3 (Groundball, 6M, EV 104.4 MPH)
Batting: RHB Adam Lambert 0-0: Ball
1-0: Fly out, F9 (Flyball, 89M, EV 74.4 MPH)
Batting: RHB Sean Neuroth 0-0: Called Strike
0-1: Ground out U3 (Groundball, 34S, EV 84.4 MPH)
Bottom of the 5th over - 0 runs, 0 hits, 0 errors, 0 left on base; University of North Carolina at Chapel Hill 0 - University of Arizona 3
TOP OF THE 6TH
University of North Carolina at Chapel Hill Tar Heels batting - Pitching for University of Arizona Wildcats : RHP Rich Frontczak
Batting: LHB Mike Alexander 0-0: Foul Ball, location: 2F
0-1: Foul Ball, location: 2F
0-2: Ball
1-2: Ground out 1-3 (Groundball, 13S, EV 63.8 MPH)
Pitching: RHP Iwao Machida
Batting: RHB Frank Caulfield 0-0: Ball
1-0: Fly out, F4 (Line Drive, 4, EV 66.3 MPH)
Batting: LHB Ryan Thompson 0-0: Swinging Strike
0-1: SINGLE (Flyball, 5D, EV 86.3 MPH)
Batting: RHB Blake Beale 0-0: Ball
1-0: Foul Ball, location: 2F
1-1: Ball
2-1: Ball
3-1: Foul Ball, location: 2F
3-2: Fly out, F9 (Line Drive, 9D, EV 106.9 MPH)
Top of the 6th over - 0 runs, 1 hit, 0 errors, 1 left on base; University of North Carolina at Chapel Hill 0 - University of Arizona 3
BOTTOM OF THE 6TH
University of Arizona Wildcats batting - Pitching for University of North Carolina at Chapel Hill Tar Heels : LHP Mike Alexander
Batting: LHB Alan Bianchard 0-0: Foul Ball, location: 2F
0-1: Ball
1-1: Called Strike
1-2: Strikes out looking
Batting: RHB Rich Justice 0-0: Called Strike
0-1: Foul Ball, location: 2F
0-2: Ball
1-2: Strikes out swinging
Batting: RHB Junro Kato 0-0: Ball
1-0: Fly out, F9 (Flyball, 9S, EV 85.6 MPH)
Bottom of the 6th over - 0 runs, 0 hits, 0 errors, 0 left on base; University of North Carolina at Chapel Hill 0 - University of Arizona 3
TOP OF THE 7TH
University of North Carolina at Chapel Hill Tar Heels batting - Pitching for University of Arizona Wildcats : RHP Iwao Machida
Pitching: RHP Tim Watson
Batting: SHB Chris Kinsey 0-0: Ball
1-0: Called Strike
1-1: Ball
2-1: Called Strike
2-2: SINGLE (Groundball, 6MS, EV 75.0 MPH) (infield hit)
Batting: RHB Matt Stepanek 0-0: Ground out 5-3 (Groundball, 56S, EV 59.4 MPH)
Chris Kinsey to second
Batting: LHB Juan Ramirez 0-0: Swinging Strike
0-1: DOUBLE (Line Drive, 9LS, EV 97.5 MPH)
Chris Kinsey scores
Batting: LHB Soo-yeon Kym 0-0: Called Strike
0-1: Swinging Strike
0-2: Strikes out swinging
Batting: RHB Steve Gajewski 0-0: Ball
1-0: Ball
2-0: Called Strike
2-1: Ground out 6-3 (Groundball, 6, EV 88.1 MPH)
Top of the 7th over - 1 run, 2 hits, 0 errors, 1 left on base; University of North Carolina at Chapel Hill 1 - University of Arizona 3
BOTTOM OF THE 7TH
University of Arizona Wildcats batting - Pitching for University of North Carolina at Chapel Hill Tar Heels : LHP Mike Alexander
Pitching: LHP Jose Rivera
Batting: RHB Jose Evangelista 0-0: Called Strike
0-1: Ball
1-1: Ball
2-1: Swinging Strike
2-2: Strikes out looking
Batting: RHB Jose Medina 0-0: Fly out, F7 (Flyball, 78XD, EV 101.3 MPH)
Pinch Hitting: RHB Josh Martin 0-0: SINGLE (Line Drive, 89S, EV 88.1 MPH)
Batting: RHB Chiel Palstermans 0-0: Ball
1-0: Ball
2-0: Foul Ball, location: 2F
2-1: SINGLE (Flyball, 34D, EV 94.4 MPH)
Josh Martin to second
Runner from 2nd tries for 3rd, SAFE, throw by RF made to third
Batting: RHB Adam Lambert Pickoff Throw to First - Out! 1-3
Bottom of the 7th over - 0 runs, 2 hits, 0 errors, 1 left on base; University of North Carolina at Chapel Hill 1 - University of Arizona 3
TOP OF THE 8TH
University of North Carolina at Chapel Hill Tar Heels batting - Pitching for University of Arizona Wildcats : RHP Tim Watson
Pitching: LHP David French
Pinch Hitting: LHB Kevin Wiebe 0-0: Ball
1-0: Swinging Strike
1-1: Ball
2-1: Ball
3-1: Base on Balls
Batting: RHB Frank Caulfield 0-0: Ball
1-0: Fly out, F6 (Line Drive, 6, EV 75.0 MPH)
Batting: LHB Ryan Thompson 0-0: Called Strike
0-1: Swinging Strike
0-2: Ball
1-2: Hit by Pitch
Kevin Wiebe to second
Batting: RHB Blake Beale 0-0: Ball
1-0: Ball
2-0: Ball
3-0: Called Strike
3-1: Fly out, F9 (Line Drive, 9, EV 86.9 MPH)
Batting: SHB Chris Kinsey 0-0: Ball
1-0: Ball
2-0: Ball
3-0: Called Strike
3-1: Foul Ball, location: 2F
3-2: Strikes out swinging
Top of the 8th over - 0 runs, 0 hits, 0 errors, 2 left on base; University of North Carolina at Chapel Hill 1 - University of Arizona 3
BOTTOM OF THE 8TH
University of Arizona Wildcats batting - Pitching for University of North Carolina at Chapel Hill Tar Heels : LHP Jose Rivera
Pitching: LHP Tony Vazquez
Batting: RHB Adam Lambert 0-0: Called Strike
0-1: Ball
1-1: Ball
2-1: Foul Ball, location: 2F
2-2: Ball
3-2: Fly out, F6 (Line Drive, 6, EV 72.5 MPH)
Batting: RHB Sean Neuroth 0-0: Ball
1-0: Fly out, F9 (Flyball, 9D, EV 105.6 MPH)
Batting: LHB Alan Bianchard 0-0: Called Strike
0-1: Foul Ball, location: 2F
0-2: Foul Ball, location: 2F
0-2: Ball
1-2: Ball
2-2: Fly out, F3 (Popup, 23F, EV 88.1 MPH)
Bottom of the 8th over - 0 runs, 0 hits, 0 errors, 0 left on base; University of North Carolina at Chapel Hill 1 - University of Arizona 3
TOP OF THE 9TH
University of North Carolina at Chapel Hill Tar Heels batting - Pitching for University of Arizona Wildcats : LHP David French
Pitching: RHP Xenophon Valvis
Batting: RHB Matt Stepanek 0-0: Foul Ball, location: 2F
0-1: Foul Ball, location: 2F
0-2: Ball
1-2: Foul Ball, location: 2F
1-2: Ball
2-2: Foul Ball, location: 2F
2-2: Ball
3-2: Strikes out looking
Batting: LHB Juan Ramirez 0-0: Called Strike
0-1: Foul Ball, location: 2F
0-2: Ball
1-2: Ball
2-2: Ball
3-2: Foul Ball, location: 2F
3-2: Foul Ball, location: 2F
3-2: Fly out, F7 (Flyball, 78S, EV 90.6 MPH)
Batting: LHB Soo-yeon Kym 0-0: Ball
1-0: Called Strike
1-1: SINGLE (Line Drive, 89S, EV 103.8 MPH)
Pinch Hitting: RHB Jim Fisher 0-0: Ball
1-0: SINGLE (Groundball, 4MD, EV 101.9 MPH)
Soo-yeon Kym to second
Batting: LHB Tony Vazquez 0-0: Called Strike
0-1: Foul Ball, location: 2F
0-2: Strikes out swinging
Top of the 9th over - 0 runs, 2 hits, 0 errors, 2 left on base; University of North Carolina at Chapel Hill 1 - University of Arizona 3
Wednesday, June 22nd , 2022 - OOTP Baseball 23.4 Build 64